Map: [ESL] Royal Blood

Players

Nice

  • Race: Protoss Protoss

NightMare - Winner!

  • Race: Protoss Protoss

Event: IEM Katowice 2023

VOD

Have the link to the VOD?

Description

Time

  • Played on: Feb. 8, 2023, 9:55 a.m.
  • Length: 10:42

All games in this series

Show
View Real Time Build Order
Export as new Build Order

Nice Protoss 

Build Orders:  

Get SALT Encoding   

  12  0:00  Probe  
  13  0:12  Probe  
  14  0:17  Pylon  
  14  0:24  Probe (Chrono Boost)  
  16  0:36  Probe (Chrono Boost)  
  16  0:37  Gateway  
  16  0:41  Probe (Chrono Boost)  
  16  0:46  Assimilator  
  17  0:53  Probe (Chrono Boost)  
  17  0:55  Assimilator  
  18  1:05  Probe (Chrono Boost)  
  18  1:08  Gateway  
  19  1:14  Probe (Chrono Boost)  
  20  1:19  Probe  
  21  1:25  Cybernetics Core  
  21  1:31  Probe  
  22  1:37  Pylon  
  22  1:43  Probe  
  23  1:55  Probe  
  23  1:59  Warp Gate (Chrono Boost)  
  24  2:01  Adept x2  
  28  2:13  Pylon  
  28  2:14  Probe  
  29  2:19  Pylon  
  29  2:31  Adept  
  29  2:32  Adept  
  32  2:53  Nexus  
  32  3:01  Shield Battery  
  32  3:06  Adept  
  32  3:08  Adept  
  32  3:11  Probe  
  36  3:23  Probe  
  36  3:29  Pylon  
  36  3:35  Probe  
  36  3:36  Shield Battery  
  37  3:47  Adept  
  37  3:48  Probe (Chrono Boost), Adept  
  42  3:59  Probe (Chrono Boost)  
  42  4:00  Shield Battery  
  43  4:03  Probe (Chrono Boost)  
  43  4:09  Probe  
  41  4:19  Probe, Robotics Facility  
  41  4:21  Probe  
  41  4:25  Sentry  
  41  4:26  Sentry  
  45  4:32  Probe  
  45  4:33  Probe  
  47  4:44  Probe  
  47  4:45  Probe  
  49  4:48  Sentry  
  49  4:49  Sentry  
  53  4:56  Probe  
  53  4:57  Probe  
  55  5:04  Immortal (Chrono Boost)  
  55  5:08  Probe  
  55  5:13  Stalker x2  
  55  5:14  Probe  
  61  5:20  Probe, Twilight Council  
  60  5:33  Immortal (Chrono Boost)  
  60  5:34  Shield Battery  
  60  5:38  Stalker  
  62  5:43  Pylon  
  62  5:48  Gateway  
  62  5:50  Assimilator  
  62  5:54  Blink (Chrono Boost)  
  62  5:55  Assimilator  
  62  6:01  Probe x2, Observer (Chrono Boost)  
  65  6:13  Probe x2, Stalker  
  69  6:19  Shield Battery  
  69  6:25  Probe  
  70  6:34  Shield Battery  
  70  6:36  Dark Shrine, Warp Prism (Chrono Boost)  
  70  6:43  Shield Battery  
  70  6:47  Pylon  
  70  6:51  Pylon  
  70  6:57  Gateway  
  70  6:59  Shield Battery  
  70  7:01  Gateway  
  70  7:04  Pylon  
  70  7:05  Observer  
  70  7:08  Stalker x3  
  73  7:12  Shield Battery  
  73  7:13  Probe x2  
  79  7:23  Shield Battery  
  79  7:27  Immortal  
  83  7:33  Stalker x3  
  87  7:38  Shield Battery  
  87  7:50  Nexus  
  87  7:53  Dark Templar  
  89  8:03  Shield Battery  
  89  8:04  Stalker  
  91  8:09  Dark Templar x2  
  93  8:17  Pylon  
  93  8:23  Probe  
  93  8:25  Forge  
  94  8:30  Probe  
  91  8:36  Probe  
  91  8:37  Stalker x3  
  96  8:42  Probe  
  96  8:44  Immortal (Chrono Boost)  
  96  8:45  Charge (Chrono Boost)  
  101  8:49  Observer  
  101  8:59  Shield Battery, Gateway  
  101  9:00  Pylon  
  99  9:05  Gateway  
  99  9:14  Stalker x2  
  103  9:21  Warp Prism (Chrono Boost)  
  105  9:28  Zealot x2  
  109  9:33  Shield Battery  
  107  9:42  Zealot  
  82  9:46  Immortal  
  82  9:49  Zealot x2  
  86  9:58  Dark Templar x2  
  86  9:59  Dark Templar  
  86  10:02  Dark Templar  
  83  10:10  Stalker  
  83  10:11  Stalker x2  
  72  10:31  Zealot x3  
  72  10:35  Zealot x4  
Show
View Real Time Build Order
Export as new Build Order

NightMare Protoss - Winner!

Build Orders:  

Get SALT Encoding   

  12  0:00  Probe  
  13  0:12  Probe  
  14  0:17  Pylon  
  14  0:24  Probe (Chrono Boost)  
  15  0:36  Gateway, Probe (Chrono Boost)  
  16  0:44  Probe (Chrono Boost)  
  16  0:48  Assimilator  
  17  0:51  Probe  
  17  0:54  Assimilator  
  18  1:03  Probe (Chrono Boost)  
  19  1:07  Gateway  
  20  1:12  Probe (Chrono Boost)  
  20  1:17  Probe (Chrono Boost)  
  20  1:23  Cybernetics Core  
  21  1:29  Probe  
  22  1:35  Pylon  
  22  1:41  Probe  
  23  1:53  Probe  
  24  2:01  Warp Gate, Adept, Stalker  
  28  2:05  Probe  
  29  2:12  Pylon  
  29  2:34  Stalker x2  
  33  2:55  Nexus  
  33  3:09  Stalker  
  33  3:12  Shield Battery  
  35  3:16  Stalker  
  38  3:20  Probe  
  36  3:29  Pylon  
  36  3:32  Probe  
  37  3:37  Twilight Council  
  37  3:44  Probe  
  38  3:54  Stalker x2  
  42  3:56  Probe  
  43  4:04  Pylon  
  43  4:08  Probe  
  43  4:09  Probe  
  43  4:20  Gateway  
  43  4:26  Blink (Chrono Boost), Adept  
  43  4:27  Adept  
  47  4:39  Probe x2  
  49  4:47  Stalker x2  
  49  4:51  Probe x2  
  55  5:03  Probe  
  55  5:05  Shield Battery  
  54  5:07  Probe  
  54  5:11  Probe  
  54  5:19  Probe  
  54  5:20  Stalker x2  
  60  5:26  Probe  
  59  5:31  Probe  
  60  5:39  Probe  
  60  5:40  Robotics Facility  
  61  5:43  Probe  
  62  5:50  Stalker x2  
  62  5:54  Pylon  
  62  5:55  Probe x2  
  68  6:07  Nexus  
  68  6:11  Probe x2  
  68  6:14  Sentry x2  
  74  6:19  Pylon  
  74  6:28  Probe x2  
  76  6:33  Assimilator  
  76  6:37  Immortal (Chrono Boost)  
  80  6:45  Gateway x2  
  80  6:46  Shield Battery  
  80  6:52  Sentry, Stalker  
  82  6:57  Shield Battery  
  82  7:02  Probe x2  
  82  7:05  Pylon  
  84  7:18  Pylon  
  84  7:19  Immortal (Chrono Boost)  
  88  7:24  Gateway  
  88  7:34  Stalker  
  88  7:35  Probe x2, Stalker  
  88  7:36  Charge (Chrono Boost)  
  94  7:37  Probe  
  95  7:47  Probe x2  
  101  7:55  Gateway  
  95  8:06  Stalker x3  
  95  8:11  Pylon  
  101  8:14  Observer (Chrono Boost)  
  101  8:16  Observer  
  98  8:21  Pylon  
  98  8:25  Forge, Gateway  
  98  8:26  Gateway  
  98  8:31  Stalker x2  
  98  8:32  Stalker x2  
  106  8:36  Warp Prism (Chrono Boost)  
  106  8:38  Stalker  
  110  8:45  Pylon  
  109  8:52  Protoss Ground Weapons Level 1 (Chrono Boost)  
  103  8:59  Photon Cannon  
  103  9:01  Zealot  
  103  9:02  Zealot x4  
  113  9:03  Zealot  
  113  9:08  Probe  
  113  9:09  Pylon  
  116  9:11  Observer  
  116  9:16  Pylon  
  117  9:28  Zealot x2  
  117  9:29  Zealot x5  
  117  9:30  Zealot  
  131  9:35  Observer  
  111  9:49  Zealot x2  
  111  9:50  Zealot x5  
  111  9:51  Zealot  
  115  10:00  Observer  
  111  10:10  Zealot x4  
  111  10:11  Zealot x3  
  111  10:12  Zealot  
  109  10:31  Zealot x2  
  109  10:32  Zealot x6  

Tags
 
Add a new tag
Caveats
  • Supply blocks, unpowered buildings, or Contaminate may cause inaccurate times.
  • Supply counts are checked every 10 seconds.